 Dungeon Crawl Stone Soup version 0.21-a0-154-gb5400c9 (webtiles) character file.

2276 KristoblXynda the Digger (level 9, 0/74 HPs)
             Began as a Troll Earth Elementalist on Aug 2, 2017.
             Was a Priest of Cheibriados.
             Slain by an iguana (5 damage)
             ... on level 6 of the Dungeon.
             The game lasted 00:12:49 (4096 turns).

KristoblXynda the Digger (Troll Earth Elementalist) Turns: 4096, Time: 00:12:50

Health: 0/74       AC:  7    Str: 24    XL:     9   Next: 16%
Magic:  10/10      EV: 13    Int: 20    God:    Cheibriados [***...]
Gold:   349        SH:  0    Dex: 18    Spells: 4/10 levels left

rFire    . . .     SeeInvis .     - Unarmed
rCold    . . .     Gourm    +   (no shield)
rNeg     . . .     Faith    .   c - +1 robe
rPois    .         Spirit   .   (helmet restricted)
rElec    .         Reflect  .   p - +0 cloak of Vexation {Regen+ rCorr Dex+2}
rCorr    +         Harm     .   (gloves unavailable)
MR       .....                  (boots unavailable)
Stlth    +.........             (no amulet)
HPRegen  1.02/turn              (no ring)
MPRegen  0.12/turn              (no ring)

@: confused, very slow
A: unfitting armour, claws 3, fast metabolism 3, gourmand, regeneration 1,
shaggy fur 1, tough skin 2
a: Bend Time, Temporal Distortion, Renounce Religion


You were on level 6 of the Dungeon.
You worshipped Cheibriados.
Cheibriados was most pleased with you.
You were very full.

You visited 2 branches of the dungeon, and saw 7 of its levels.

You collected 349 gold pieces.

Inventory:

Missiles
 g - 2 throwing nets (quivered)
Armour
 c - a +1 robe (worn)
 p - the +0 cloak of Vexation (worn) {Regen+ rCorr Dex+2}
   (You found it on level 4 of the Dungeon)

   It affects your dexterity (+2).
   It increases your rate of regeneration.
   It protects you from acid and corrosion.
Scrolls
 a - a scroll of identify
 m - 5 scrolls of remove curse
 s - a scroll of blinking {unknown}
Potions
 b - a potion of ambrosia
 f - a potion of brilliance {unknown}
 i - a potion of might
 j - 3 potions of lignification
 k - 4 potions of curing
 l - a potion of flight {unknown}
 o - a potion of agility {unknown}
 r - a potion of invisibility {unknown}
Books
 e - a book of Geomancy

   Spells                             Type                      Level
   a - Sandblast                      Earth                        1
   b - Passwall                       Transmutation/Earth          2
   c - Stone Arrow                    Conjuration/Earth            3
   d - Petrify                        Transmutation/Earth          4
   e - Lee's Rapid Deconstruction     Earth                        5
 u - a book of Cantrips

   Spells                             Type                      Level
   a - Confusing Touch                Hexes                        1
   b - Animate Skeleton               Necromancy                   1
   c - Summon Small Mammal            Summoning                    1
   d - Apportation                    Translocation                1
Comestibles
 d - 4 bread rations
 h - 8 royal jellies
 n - 4 meat rations


   Skills:
 - Level 5.0 Dodging
 - Level 1.0 Stealth
 + Level 6.7 Unarmed Combat
 - Level 1.2 Spellcasting
 - Level 0.6 Transmutations
 + Level 7.1 Earth Magic
 + Level 3.6 Invocations


You had 4 spell levels left.
You knew the following spells:

 Your Spells              Type           Power        Failure   Level  Hunger
a - Sandblast             Erth           ####..       1%          1    ##.....
b - Stone Arrow           Conj/Erth      ###...       12%         3    ####...
c - Passwall              Tmut/Erth      ###.......   5%          2    ###....


Dungeon Overview and Level Annotations

Branches:
Dungeon (6/15)             Temple (1/1) D:4

Altars:
Ashenzari
Cheibriados
Elyvilon
Gozag
Hepliaklqana
Nemelex Xobeh
Okawaru
Qazlal
Ru
Uskayaw
Vehumet
Xom
Yredelemnul
Zin
The Shining One

Shops:
D:5 (

Annotations:
D:6 Pikel


Innate Abilities, Weirdness & Mutations

You are too large for most types of armour.
You have claws for hands.
Your metabolism is lightning-fast.
You like to eat raw meat.
Your natural rate of healing is unusually fast.
You are covered in fur. (AC +1)
You have very tough skin. (AC +2)


Message History

* * * LOW HITPOINT WARNING * * *
Pikel hits you with a whip of freezing.
* * * LOW HITPOINT WARNING * * *
Pikel freezes you.
* * * LOW HITPOINT WARNING * * *
Okay, then.
Okay, then.
Okay, then.
Okay, then.
You are confused.
You feel invigorated. The slave hits you!
* * * LOW HITPOINT WARNING * * *
The slave hits you but does no damage. The iguana closely misses you.
The slave misses you. Pikel misses you.
Unknown command.
You closely miss Pikel.
Pikel is almost dead.
The gnoll closely misses you. The slave hits you but does no damage.
The slave closely misses you. The iguana bites you.
You die...

....### #..####.......
......####..............
.#......................
.###....................
........................
...................g....
...#............ggg.)...
.####..........lpp......
.# ##..........@Kp.....
## #.........##p......
.## ##.....##### #......
..###.....## ##....
..........# ...
#.........# ..
##........# . ##.......#
#.......#


You could see Pikel, 4 slaves, an iguana and 4 gnolls.

Vanquished Creatures
  The ghost of KristoblXynda the Ruffian, a novice TrWz (D:6)
  Eustachio (D:4)
  A water moccasin (D:6)
  2 ogres (D:5)
  A phantom (D:5)
  2 centaurs
  3 bullfrogs (D:6)
  A scorpion (D:5)
  A bullfrog zombie (D:5)
  A crimson imp (D:6)
  A jelly (D:6)
  2 hounds
  2 orc priests
  Crazy Yiuf (D:4)
  A centaur skeleton (D:5)
  Jessica (D:3)
  Terence (D:3)
  4 iguanas
  A worker ant (D:6)
  Natasha (thrice) (D:3)
  5 orc wizards
  A hound skeleton (D:4)
  10 adders
  4 gnolls
  2 shadow imps (D:6)
  An ooze (D:4)
  2 adder zombies (D:5)
  An adder skeleton (D:5)
  3 dart slugs
  5 leopard geckos
  11 orcs
  3 bats
  3 giant cockroaches
  5 goblins
  9 hobgoblins
  3 jackals (D:4)
  2 quokkas
  2 ball pythons
  6 frilled lizards
  7 kobolds
  A quokka zombie (D:5)
  8 rats
125 creatures vanquished.

Notes
Turn   | Place    | Note
-------+----------+-------------------------------------------
     0 | D:1      | KristoblXynda the Troll Earth Elementalist began the quest for the Orb.
     0 | D:1      | Reached XP level 1. HP: 16/16 MP: 1/1
   101 | D:1      | Reached skill level 3 in Earth Magic
   101 | D:1      | Reached XP level 2. HP: 24/24 MP: 2/2
   255 | D:1      | Reached skill level 1 in Unarmed Combat
   322 | D:1      | Reached XP level 3. HP: 23/31 MP: 3/3
   777 | D:2      | Found a faded altar of an unknown god.
  1171 | D:3      | Noticed Jessica
  1176 | D:3      | Killed Jessica
  1176 | D:3      | Reached XP level 4. HP: 39/39 MP: 4/4
  1295 | D:3      | Found a sacrificial altar of Ru.
  1303 | D:3      | Found a snail-covered altar of Cheibriados.
  1306 | D:3      | Found a glowing golden altar of the Shining One.
  1318 | D:3      | Became a worshipper of Cheibriados the Contemplative
  1438 | D:3      | Noticed Terence
  1445 | D:3      | Killed Terence
  1445 | D:3      | Reached XP level 5. HP: 45/45 MP: 5/5
  1553 | D:3      | Noticed Natasha
  1559 | D:3      | Killed Natasha
  1563 | D:3      | Found a radiant altar of Vehumet.
  1646 | D:3      | Noticed Natasha
  1654 | D:3      | Killed Natasha
  1654 | D:3      | Reached skill level 4 in Earth Magic
  1681 | D:3      | Noticed Natasha
  1687 | D:3      | Killed Natasha
  1703 | D:4      | Noticed Eustachio
  1703 | D:4      | Noticed a centaur
  1758 | D:4      | Reached XP level 6. HP: 32/53 MP: 6/6
  1795 | D:4      | Found a runed door.
  1799 | D:4      | Noticed Crazy Yiuf
  1806 | D:4      | Killed Crazy Yiuf
  1964 | D:4      | Killed Eustachio
  1964 | D:4      | Reached XP level 7. HP: 30/59 MP: 7/7
  2000 | D:4      | Reached * piety under Cheibriados
  2012 | D:4      | Found a staircase to the Ecumenical Temple.
  2039 | D:4      | Reached skill level 5 in Earth Magic
  2106 | D:4      | Got a distressingly furry cloak
  2117 | D:4      | Identified the +0 cloak of Vexation {Regen+ rCorr Dex+2} (You found it on level 4 of the Dungeon)
  2240 | Temple   | Entered the Ecumenical Temple
  2464 | D:4      | Learned a level 3 spell: Stone Arrow
  2473 | D:4      | Found a shimmering altar of Xom.
  2645 | D:5      | Entered Level 5 of the Dungeon
  2996 | D:5      | Reached ** piety under Cheibriados
  3138 | D:5      | Reached skill level 5 in Unarmed Combat
  3138 | D:5      | Reached XP level 8. HP: 66/67 MP: 8/8
  3205 | D:5      | Found Poteliu's Weapon Shoppe.
  3393 | D:5      | Reached skill level 5 in Dodging
  3393 | D:5      | Reached skill level 6 in Earth Magic
  3416 | D:6      | Reached skill level 1 in Invocations
  3525 | D:6      | Learned a level 2 spell: Passwall
  3566 | D:6      | Found a hazy altar of Hepliaklqana.
  3763 | D:6      | Noticed KristoblXynda's ghost (novice TrWz)
  3780 | D:6      | Killed KristoblXynda's ghost
  3780 | D:6      | Reached skill level 7 in Earth Magic
  3780 | D:6      | Reached XP level 9. HP: 74/74 MP: 8/10
  3919 | D:6      | Reached *** piety under Cheibriados
  4078 | D:6      | Noticed Pikel
  4095 | D:6      | HP: 2/74 [slave[Pikel] (7)]
  4096 | D:6      | Slain by an iguana

Vault maps used:
D:1:      shiori_shiawase
D:2:      chequers_ecumenical_altar_simple_redux, serial_curves, eino_curves_03,
          eino_curves_02, minmay_misc_feat_doors
D:3:      kennysheep_slug_shrine, lemuel_crystal_altar, fiery_altar_vehumet,
          lemuel_crystal_altar, uniq_jessica, uniq_natasha, uniq_terence
D:4:      kennysheep_mini_moat, minmay_temple_entry_butterflies, serial_curves,
          eino_curves_02, eino_curves_02, st_stairs_5, uniq_crazy_yiuf_cottage,
          uniq_eustachio
D:5:      serial_shops, shop, first_bread, saegor_snake_ambush
D:6:      led_sif_pool, kennysheep_little_box, uniq_pikel
Temple:   compressed_dpeg_triangle_lava_temple

Skill      XL: |  1  2  3  4  5  6  7  8 |
---------------+-------------------------+-----
Earth Magic    | 3 4 5 7 |  7.1
Unarmed Combat | 1 2 3 4 5 6 |  6.7
Dodging        | 2 3 4 5 |  5.0
Invocations    | 3 |  3.6
Stealth        | |  1.0
Spellcasting   | |  1.2
Transmutations | |  0.6

Action                   |  1- 3 |  4- 6 |  7- 9 || total
-------------------------+-------+-------+-------++-------
Melee: Unarmed           |   112 |    90 |   256 ||   458
       Punch             |     1 |       |     4 ||     5
 Cast: Stone Arrow       |       |       |     1 ||     1
  Use: Scroll            |       |     3 |     6 ||     9
       Potion            |       |     1 |     3 ||     4
 Stab: Sleeping          |     1 |       |     3 ||     4
  Eat: Chunk             |    14 |    11 |    12 ||    37
Armor: Robe              |    43 |    33 |   100 ||   176
       Skin              |       |       |    16 ||    16
Dodge: Dodged            |    57 |    53 |   188 ||   298
